 Dungeon Crawl Stone Soup version 0.28.0-53-g5a82cb258f (webtiles) character file.

Game seed: 6707231521696094559

23 eooof the Skirmisher (level 2, 0/27 HPs)
             Began as a Draconian Berserker on June 29, 2022.
             Was a Follower of Trog.
             Killed by nerve-wracking pain
             ... invoked by Grinder
              (1 damage)
             ... while paralysed by Grinder
             ... on level 3 of the Dungeon.
             The game lasted 00:05:25 (930 turns).

eooof the Skirmisher (Draconian Berserker)           Turns: 930, Time: 00:05:25

Health: 0/27       AC:  5    Str: 19    XL:     2   Next: 72%
Magic:  2/2        EV:  2    Int:  7    God:    Trog [*.....]
Gold:   28         SH:  0    Dex: 10    Spells: 1/1 levels left

rFire   . . .      SeeInvis .   a - +0 falchion
rCold   . . .      Faith    .   (no shield)
rNeg    . . .      Spirit   .   (armour unavailable)
rPois   .          Reflect  .   (helmet restricted)
rElec   .          Harm     .   c - +0 cloak
rCorr   .          Rampage  .   (no gloves)
Will    .....                   (no boots)
Stlth   +.........              (no amulet)
HPRegen 0.09/turn               e - +4 ring of evasion
MPRegen 0.08/turn               (no ring)

@: paralysed
A: AC +4, unfitting armour, cold-blooded
a: Renounce Religion, Berserk


You were on level 3 of the Dungeon.
You worshipped Trog.
Trog was aware of your devotion.
You visited 1 branch of the dungeon, and saw 3 of its levels.

You collected 28 gold pieces.

Inventory:

Hand Weapons
 a - a +0 falchion (weapon)
Armour
 c - a +0 cloak (worn)
Jewellery
 e - a +4 ring of evasion (left hand)
Potions
 d - a potion of haste
 f - a potion of lignification {unknown}


   Skills:
 * Level 3.7 Fighting
 + Level 3.3 Long Blades
 - Level 3.1 Dodging


You had one spell level left.
You didn't know any spells.
Your spell library was empty.

Dungeon Overview and Level Annotations

Branches:
Dungeon (3/15)

Altars:

Annotations:
D:3 Grinder


Innate Abilities, Weirdness & Mutations

Your plain brown scales are hard. (AC +4)
You cannot fit into any form of body armour.
You are cold-blooded and may be slowed by cold attacks.


Message History

You slash the adder!
You kill the adder!
Trog accepts your kill.
You feel sick.
You feel sick.
You see here an adder corpse.
You feel sick.
You are no longer poisoned.
Found a stone staircase leading down.
You start resting.
HP restored.
There is a stone staircase leading down here.
You climb downwards.
Found a scroll labelled IMIWKI ZUYBBUO and a fizzy green potion.
There is a stone staircase leading up here.
b - a scroll labelled IMIWKI ZUYBBUO
Found a pair of glowing gloves.
f - a fizzy green potion
As you read the scroll labelled IMIWKI ZUYBBUO, it crumbles to dust.
You feel strangely unstable.
It was a scroll of teleportation.
A frilled lizard comes into view.
Grinder comes into view.
Found a golden potion.
Your surroundings suddenly seem different.
Grinder moves out of view.
Grinder and a hobgoblin come into view.
Found 22 bolts.
Grinder shouts!
The hobgoblin shouts!
Found 11 sling bullets.
Grinder gestures at you.
You suddenly lose the ability to move!
Grinder hits you.
You writhe in agony.
Grinder hits you. Grinder hits you!
* * * LOW HITPOINT WARNING * * *
You writhe in agony.
* * * LOW HITPOINT WARNING * * *
Grinder gestures at you. Pain shoots through your body!
You die...

# #.....# . ##.
#.<...##### #.#..
#.........# #....
#.....###......
##....###.....###..#..#
.........##........# #
.........##.#####...
!l..................
###....#.@.....##..
#....#..5g.#.#
#[......#..#.g.
####.####.......( #.
...####.. ## ##.. .(
###


You could see Grinder and a hobgoblin.

Vanquished Creatures
  An adder (D:2)
  A bat (D:1)
  3 endoplasms (D:2)
  3 jackals (D:2)
  A kobold (D:2)
  A quokka (D:2)
  2 rats
12 creatures vanquished.

Notes
Turn   | Place    | Note
-------+----------+-------------------------------------------
     0 | D:1      | eooof the Draconian Berserker began the quest for the Orb.
     0 | D:1      | Reached XP level 1. HP: 19/19 MP: 1/1
   520 | D:2      | Reached XP level 2. HP: 16/26 MP: 2/2
   917 | D:3      | Noticed Grinder
   926 | D:3      | Paralysed by Grinder for 5 turns
   929 | D:3      | HP: 1/27 [Grinder (5)]
   930 | D:3      | Killed from afar by Grinder

Illustrated notes

Levels and vault maps discovered:
D:1:      dpeg_arrival_boxes_within_box, layout_basic, st_stairs_9,
          chequers_serial_rivers_small_b, lemuel_old_faithful
D:2:      layout_loops_cross
D:3:      layout_loops_cross, gammafunk_ghost_cemetery, grunt_ministairs_1,
          uniq_grinder, uniq_terence, uniq_ijyb, uniq_crazy_yiuf_cottage

Skill      XL: |  1  2 |
---------------+-------+-----
Dodging        | 3 |  3.1
Fighting       | |  3.7
Long Blades    | |  3.3

Action                   || total
-------------------------++-------
Melee: Falchion          ||    43
       Tailslap          ||     3
  Use: Scroll            ||     5
       Potion            ||     2
Armor: Skin              ||    13
Dodge: Dodged            ||    41
